 Dungeon Crawl Stone Soup version 0.26-b1-52-g61e05abef2 (webtiles) character file.

Game seed: 2705085551090508614

666 hawla the Conjurer (level 7, 0/75 HPs)
             Began as a Grey Draconian Conjurer on Jan 7, 2021.
             Slain by an orc warrior
             ... wielding a +0 flail
              (13 damage)
             ... on level 7 of the Dungeon on Jan 8, 2021.
             The game lasted 00:11:27 (4517 turns).

hawla the Conjurer (Grey Draconian Conjurer)        Turns: 4517, Time: 00:11:27

Health: 0/75       AC: 23    Str: 16    XL:     7   Next: 31%
Magic:  2/14       EV:  2    Int: 20    God:
Gold:   220        SH:  0    Dex:  9    Spells: 8/15 levels left

rFire    . . .     SeeInvis .   g - +0 dagger
rCold    + . .     Faith    .   (no shield)
rNeg     + + +     Spirit   .   (armour unavailable)
rPois    +         Reflect  .   (helmet currently unavailable)
rElec    .         Harm     .   (cloak currently unavailable)
rCorr    .         Rampage  .   (gloves currently unavailable)
Will     .....     NoTele   +   (boots currently unavailable)
Stlth    ++........             (no amulet)
HPRegen  0.22/turn              d - ring of protection from cold
MPRegen  0.14/turn              m - +6 ring of strength

@: tree-form
A: (walk through water), unfitting armour, AC +11
a: no special abilities


You were on level 7 of the Dungeon.
You were a tree.
You visited 1 branch of the dungeon, and saw 5 of its levels.

You collected 220 gold pieces.

Inventory:

Hand Weapons
 g - a +0 dagger (weapon)
Jewellery
 d - a ring of protection from cold (left branch)
 m - a +6 ring of strength (right branch)
Scrolls
 a - a scroll of remove curse
 b - a scroll of fear
 e - a scroll of enchant armour
Potions
 h - 4 potions of curing
 j - a potion of lignification


   Skills:
 - Level 2.0 Dodging
 - Level 2.0 Stealth
 - Level 4.0 Shields
 + Level 4.9 Spellcasting
 + Level 5.1 Conjurations
 + Level 2.7 Translocations


You had 8 spell levels left.
You knew the following spells:

 Your Spells              Type           Power        Failure   Level
a - Magic Dart            Conj           100%         1%          1
b - Searing Ray           Conj           50%          2%          2
c - Iskenderun's Mystic   Conj/Tloc      20%          24%         4

Your spell library contained the following spells:

 Spells                   Type           Power        Failure   Level
 Dazzling Flash           Conj/Hex       30%          12%         3
 Fulminant Prism          Conj/Hex       7%           38%         4


Dungeon Overview and Level Annotations

Branches:
Dungeon (4/15)
 Temple: D:4-7

Altars:
Kikubaaqudgha
Yredelemnul
The Shining One

Annotations:
D:2 scroll


Innate Abilities, Weirdness & Mutations

((You can walk through water.))
((Your dull iron-grey scales are very hard. (AC +11)))
You cannot fit into any form of body armour.
((You can survive without breathing.))
((You are cold-blooded and may be slowed by cold attacks.))


Message History

The orc warrior hits you but does no damage.
Really quaff the potion of lignification?
You turn into a tree.
Your roots penetrate the ground.
You hit the orc warrior but do no damage.
The orc warrior is moderately wounded.
The orc warrior hits you with a +0 flail!
* * * LOW HITPOINT WARNING * * *
Casting: Iskenderun's Mystic Blast (dangerous; 24% risk of failure)
Confirm with . or Enter, or press ? or * to list all spells.
You don't have enough magic to cast that spell.
Casting: Iskenderun's Mystic Blast (dangerous; 24% risk of failure)
Confirm with . or Enter, or press ? or * to list all spells.
Aiming: Searing Ray (safe; 2% risk of failure)
Press: ? - help, Shift-Dir - straight line, f/p - orc warrior
Aim: an orc warrior, wielding a +0 flail and wearing a +0 plate armour (grey smoke, moderately wounded, 21% to evade)
The searing ray hits the orc warrior.
The orc warrior is heavily wounded. (Press . to maintain the ray.)
The orc warrior hits you with a +0 flail!
You die...

###
#.#####§....
#§§§o♣§§..#
.....§§###§#.#
.....§§
.###.#. #..#.
..# #. ..# ..
.# #.


You could see an orc warrior.

Vanquished Creatures
  Sigmund (D:2)
  An ogre (D:3)
  A bullfrog (D:4)
  4 scorpions (D:4)
  An orc wizard (D:2)
  A hound skeleton (D:4)
  4 adders
  3 worms
  A dart slug (D:2)
  2 leopard geckos
  6 orcs
  12 bats
  A giant cockroach (D:2)
  8 goblins
  13 hobgoblins
  A quokka (D:2)
  9 frilled lizards
  6 kobolds
  6 rats
81 creatures vanquished.

Vanquished Creatures (others)
  A dart slug (D:2)
1 creature vanquished.

Grand Total: 82 creatures vanquished

Notes
Turn   | Place    | Note
-------+----------+-------------------------------------------
     0 | D:1      | hawla the Draconian Conjurer began the quest for the Orb.
     0 | D:1      | Reached XP level 1. HP: 14/14 MP: 3/3
   269 | D:1      | Reached XP level 2. HP: 20/20 MP: 1/5
   357 | D:1      | Learned a level 2 spell: Searing Ray
   575 | D:1      | Reached skill level 1 in Shields
   966 | D:2      | Reached XP level 3. HP: 20/26 MP: 1/7
  1183 | D:2      | Found a basalt altar of Yredelemnul.
  1188 | D:2      | Found a glowing golden altar of the Shining One.
  1192 | D:2      | Noticed a profane servitor
  1344 | D:2      | Noticed an angel
  1635 | D:2      | Found an ancient bone altar of Kikubaaqudgha.
  1668 | D:2      | Noticed Sigmund
  1852 | D:2      | Killed Sigmund
  1853 | D:2      | Reached XP level 4. HP: 21/33 MP: 2/10
  1853 | D:2      | Reached XP level 5. HP: 24/38 MP: 2/11
  1858 | D:2      | Learned a level 4 spell: Iskenderun's Mystic Blast
  2379 | D:2      | Reached XP level 6. HP: 39/45 MP: 4/12
  3347 | D:3      | Reached skill level 1 in Translocations
  3932 | D:4      | Your scales start taking on a dull iron-grey colour.
  3932 | D:4      | Reached XP level 7. HP: 50/50 MP: 6/14
  3932 | D:4      | Gained mutation: You can survive without breathing. [Grey
                  | Draconian growth]
  4215 | D:4      | Reached skill level 5 in Conjurations
  4505 | D:4      | You fall into a shaft and drop 3 floors!
  4517 | D:7      | Slain by an orc warrior

Illustrated notes

Levels and vault maps discovered:
D:1:      onia_arrival_pentagram, layout_loops_cross
D:2:      layout_basic, grunt_temple_overflow_holy_war, marbit_many_paths,
          uniq_sigmund
D:3:      kb_forest_paths, layout_basic, kennysheep_decorative_pillar
D:4:      layout_gridville
D:7:      layout_loops_ring, dancing_weapons_uskayaw,
          minmay_temple_entry_water_ring, enter_ossuary_2, xom_shifter_show

Skill      XL: |  1  2  3  4  5  6  7 |
---------------+----------------------+-----
Stealth        | 2 |  2.0
Dodging        | 2 |  2.0
Shields        | 1 3 4 |  4.0
Spellcasting   | 4 |  4.9
Translocations | 2 |  2.7
Conjurations   | 5 |  5.1

Action                   |  1- 3 |  4- 6 |  7- 9 || total
-------------------------+-------+-------+-------++-------
Melee: Unarmed           |    24 |       |       ||    24
       Tailslap          |     2 |       |       ||     2
       Dagger            |       |     3 |     1 ||     4
 Cast: Magic Dart        |    35 |    25 |     3 ||    63
       Searing Ray       |    15 |    26 |     7 ||    48
       Iskenderun's Myst |       |       |     2 ||     2
  Use: Potion            |     3 |       |     1 ||     4
       Scroll            |       |     3 |     4 ||     7
Armor: Skin              |    24 |     2 |     3 ||    29
Dodge: Dodged            |    34 |     5 |     1 ||    40
